 Dungeon Crawl Stone Soup version 0.31.0-9-g3a7656b989 (webtiles) character file.

Game seed: 16373931137225480097

45271 Kallu the Toxicologist (level 14, -11/86 HPs)
             Began as a Vampire Alchemist on Feb 1, 2024.
             Was a High Priest of Sif Muna.
             Mangled by a death yak (15 damage)
             ... on level 5 of the Lair of Beasts.
             The game lasted 01:06:22 (20604 turns).

Kallu the Toxicologist (Vampire Alchemist)         Turns: 20604, Time: 01:06:23

Health: -11/86     AC: 13    Str: 13    XL:     14   Next: 0%
Magic:  2/26       EV: 15    Int: 21    God:    Sif Muna [*****.]
Gold:   1072       SH:  0    Dex: 16    Spells: 12/29 levels left

rFire   + + +        a - +5 long sword
rCold   + + .        (no shield)
rNeg    + + +        M - +2 leather armour {rF+}
rPois   ∞            (no helmet)
rElec   .            u - +2 cloak {rCorr}
rCorr   +            L - +0 pair of gloves
SInv    +            (no boots)
Will    +....        (no amulet)
Stlth   +++++        B - +4 ring of protection
HPRegen 0.00/turn    Q - ring of Ampes {Fly rF++ Str+6 Slay+3}
MPRegen 0.20/turn

%: no passive effects
@: flying, bloodless, inhibited regen
A: bloodless, fangs 3, see invisible, vampiric 2
a: Bat Form, Revivify, Renounce Religion, Channel Magic, Forget Spell, Divine
Exegesis


You were on level 5 of the Lair of Beasts.
You worshipped Sif Muna.
Sif Muna was extremely pleased with you.
You visited 3 branches of the dungeon, and saw 15 of its levels.
You also visited: Volcano.

You collected 1072 gold pieces.

Inventory:

Hand Weapons
 a - a +5 long sword (weapon)
 b - a +3 dagger of freezing
Missiles
 l - 4 curare-tipped darts
 z - 3 throwing nets
 K - 6 atropa-tipped darts
Armour
 u - a +2 cloak of preservation (worn)
 L - a +0 pair of gloves (worn)
 M - a +2 leather armour of fire resistance (worn)
Magical Staves
 D - a staff of air
Jewellery
 j - a ring of wizardry
 v - an amulet of guardian spirit
 y - the ring "Xoghap" {Will+ Str+6 Int+2 Stlth+}
   (You found it on level 6 of the Dungeon)

   [ring of strength]

   Str+6:     It affects your strength (+6).
   Int+2:     It affects your intelligence (+2).
   Will+:     It increases your willpower.
   Stlth+:    It makes you more stealthy.
 B - a +4 ring of protection (left hand)
 Q - the ring of Ampes (right hand) {Fly rF++ Str+6 Slay+3}
   (You found it on level 4 of the Lair of Beasts)

   [ring of strength]

   Str+6:     It affects your strength (+6).
   Slay+3:    It affects your accuracy & damage with ranged weapons and melee
   (+3).
   rF++:      It greatly protects you from fire.
   Fly:       It grants you flight.
 S - a +5 ring of evasion
Wands
 n - a wand of polymorph (4)
 t - a wand of light (14)
 E - a wand of iceblast (6)
 J - a wand of paralysis (3)
Scrolls
 c - 2 scrolls of poison
 d - a scroll of vulnerability
 f - 2 scrolls of immolation
 h - a scroll of teleportation
 k - 3 scrolls of revelation
 x - 3 scrolls of enchant armour {unknown}
 A - 2 scrolls of acquirement
 H - 2 scrolls of noise {unknown}
 I - 2 scrolls of enchant weapon {unknown}
 R - a scroll of amnesia {unknown}
Potions
 e - 6 potions of brilliance
 g - a potion of degeneration
 i - 4 potions of curing
 m - a potion of ambrosia
 o - 4 potions of might
 q - 3 potions of mutation
 r - 2 potions of heal wounds
 s - 4 potions of cancellation {unknown}
 w - a potion of enlightenment {unknown}
 C - 5 potions of magic
 F - 3 potions of invisibility {unknown}
 N - 2 potions of resistance {unknown}
 O - 3 potions of haste {unknown}
 P - a potion of lignification {unknown}
Miscellaneous
 G - a sack of spiders (inert)


   Skills:
 - Level 9.0 Fighting
 - Level 7.0 Long Blades
 - Level 8.0 Dodging
 - Level 5.0 Stealth
 - Level 8.0 Spellcasting
 - Level 1.0 Conjurations
 - Level 4.0 Fire Magic
 + Level 10.6 Air Magic
 - Level 14.0 Alchemy
 - Level 6.0 Invocations
 - Level 3.0 Evocations


You had 12 spell levels left.
You knew the following spells:

 Your Spells              Type           Power      Damage    Failure   Level
a - Sting                 Conj/Alch      100%       1d9       1%          1
b - Mercury Vapours       Alch/Air       100%       N/A       1%          2
c - Mephitic Cloud        Conj/Alch/Air  44%        N/A       1%          3
d - Sticky Flame          Fire/Alch      46%        2d9       2%          4
e - Airstrike             Air            26%        2d(4-20)  1%          4
A - Swiftness             Air            52%        N/A       1%          3

Your spell library contained the following spells:

 Spells                   Type           Power      Damage    Failure   Level
 Shock                    Conj/Air       100%       1d9       1%          1
 Cigotuvi's Dreadful Rot  Necr/Alch/Air  84%        N/A       1%          2
 Olgreb's Toxic Radiance  Alch           61%        N/A       1%          4
 Ignite Poison            Fire/Alch      46%        N/A       2%          4
 Silence                  Hex/Air        15%        N/A       32%         5
 Animate Armour           Summ/Erth      16%        N/A       69%         4
 Dispel Undead            Necr           8%         3d8       69%         4
 Martyr's Knell           Necr/Summ      8%         N/A       69%         4
 Metabolic Englaciation   Hex/Ice        4%         N/A       95%         5
 Death Channel            Necr           4%         N/A       100%        6
 Malign Gateway           Summ/Tloc      4%         N/A       100%        7
 Ignition                 Fire           12%        3d6       100%        8


Dungeon Overview and Level Annotations

Branches:
Dungeon (9/15)             Temple (1/1) D:4            Lair (5/5) D:8
  Swamp (0/4) Lair:3        Snake (0/4) Lair:2        Slime (0/5) Lair:5
    Orc (0/2) D:9         Volcano (visited)

Altars:
Ashenzari
Cheibriados
Dithmenos
Fedhas
Gozag
Hepliaklqana
Kikubaaqudgha
Makhleb
Nemelex Xobeh
Okawaru
Qazlal
Ru
Sif Muna
Trog
Uskayaw
Vehumet
Wu Jian
Xom
Yredelemnul
Jiyva

Shops:
D:4 *

Annotations:
D:6 1 runed translucent door, CapUranus's ghost, novice GrFi
Lair:2 1 exclusion
Lair:4 3 runed translucent doors, Ceyroiss's ghost, journeyman HuWn; Wairalebb's ghost, journeyman BaFi


Innate Abilities, Weirdness & Mutations

You do not regenerate when monsters are visible.
You are frail without blood (-20% HP).
You can heal yourself when you bite living creatures.
You are immune to poison.
You have razor-sharp teeth.
You have supernaturally acute eyesight. (SInv)
You are afflicted with vampirism and can become a bat while bloodless.


Message History

Okay, then.
Unknown command.
You barely miss the death yak.
The death yak is heavily wounded.
The death yak gores you!
Unknown command.
You slash the death yak!
You bite the death yak, but do no damage.
The death yak is severely wounded.
The death yak misses you.
Aiming: Bolt of Light
Press: ? - help, Shift-Dir - straight line, f/p - death yak
Aim: a death yak (severely wounded, very poisoned, 91% to hit)
The bolt of light misses the death yak.
The death yak barely misses you.
Unknown command.
Casting: Sting (safe; 1% risk of failure)
Confirm with . or Enter, or press ? or * to list all spells.
Aiming: Mercury Vapours (safe; 1% risk of failure)
Press: ? - help, Dir - move target, f/p - death yak
Aim: a death yak (severely wounded, very poisoned, chance to weaken: 13%)
Okay, then.
Aiming: Bolt of Light
Press: ? - help, Shift-Dir - straight line, f/p - death yak
Aim: a death yak (severely wounded, very poisoned, 91% to hit)
The bolt of light hits the death yak!
The death yak is severely wounded.
The death yak is blinded.
The death yak gores you!!
* * * LOW HITPOINT WARNING * * *
Press: ? - help, v - describe, . - travel
Here: a death yak (severely wounded, blind, unable to see you, very poisoned)
The floor, spattered with blood.
Unknown command.
Okay, then.
Unknown command.
Aiming: Iceblast
Press: ? - help, Shift-Dir - straight line, p - death yak The mass of ice explodes!
The iceblast engulfs the death yak!
The death yak is almost dead.
The death yak gores you!
You die...

##.......# #########
........## #P#.#...##
#........##
##..#.....###.......#.#....
##..........................
##...........................
#............................
##..............Y.............
................@.............
..............................
......#...#.....<.........#
.....#.#..#.##............#
....#.#########.......P..##
#... .....## #......P..## #...
.##### ###......P.# ... ##
#.......P.## .. ##
###......P## #.


You could see a death yak (blind, unable to see you, very poisoned).

Vanquished Creatures
  A hydra (Lair:4)
  A centaur warrior (Volcano)
  A catoblepas (Lair:3)
  8 death yaks
  3 two-headed ogres (D:9)
  A fire crab (Lair:3)
  2 skysharks (Lair:3)
  A hell knight (Volcano)
  Pikel (D:4)
  A cyclops (D:7)
  A salamander (Lair:2)
  16 elephants
  9 black mambas
  7 cane toads
  5 rime drakes
  8 komodo dragons
  2 hornets
  2 polar bears
  12 dream sheep
  Prince Ribbit (D:5)
  5 blink frogs
  7 wyverns
  37 yaks
  5 basilisks
  15 water moccasins
  2 acid dragons (Lair:5)
  A swamp drake (Lair:5)
  2 ice beasts
  2 orc warriors
  3 sky beasts (D:7)
  3 black bears
  23 wolves
  An ogre (D:5)
  7 centaurs
  A lemure (D:3)
  14 bullfrogs
  3 kobold brigands
  A gnoll sergeant (D:9)
  4 scorpions
  5 wights (D:8)
  9 killer bees
  3 howler monkeys (D:9)
  An electric eel (Lair:4)
  3 hounds (D:5)
  4 jellies
  A gnoll bouda (D:9)
  8 orc priests
  6 iguanas
  Jessica (D:2)
  7 orc wizards
  9 hell rats (Lair:2)
  11 gnolls
  3 adders
  11 river rats (Lair:2)
  A shadow imp (D:6)
  2 white imps
  2 ufetubi (D:6)
  2 dart slugs
  A ribbon worm (D:2)
  35 orcs
  2 bats
  8 endoplasms
  4 giant cockroaches
  4 hobgoblins
  8 jackals
  20 kobolds
  6 quokkas (Lair:2)
  4 ball pythons
  3 goblins
  11 rats
414 creatures vanquished.

Vanquished Creatures (collateral kills)
  A rime drake (Lair:3)
  A yak (Lair:5)
2 creatures vanquished.

Grand Total: 416 creatures vanquished

Notes
Turn   | Place    | Note
-------+----------+-------------------------------------------
     0 | D:1      | Kallu the Vampire Alchemist began the quest for the Orb.
     0 | D:1      | Reached XP level 1. HP: 13/13 MP: 3/3
   396 | D:1      | Reached XP level 2. HP: 18/19 MP: 0/5
   835 | D:2      | Learned a level 2 spell: Mercury Vapours
   935 | D:2      | Noticed Jessica
   950 | D:2      | Killed Jessica
   951 | D:2      | Reached skill level 4 in Alchemy
   951 | D:2      | Gained mutation: You are afflicted with vampirism and can
                  | become a bat while bloodless. [Vampire growth]
   951 | D:2      | Reached XP level 3. HP: 24/24 MP: 3/7
   968 | D:2      | Learned a level 3 spell: Mephitic Cloud
  1110 | D:2      | Found a faded altar of an unknown god.
  1667 | D:3      | Reached XP level 4. HP: 24/30 MP: 1/8
  2019 | D:3      | Found an iron altar of Okawaru.
  2194 | D:4      | Noticed Pikel
  2194 | D:4      | Noticed a lemure
  2194 | D:4      | Noticed a lemure
  2194 | D:4      | Noticed a lemure
  2195 | D:4      | Noticed a lemure
  2267 | D:4      | Reached skill level 1 in Air Magic
  2403 | D:3      | Killed a lemure
  2504 | D:4      | Reached skill level 5 in Alchemy
  2619 | D:4      | Found Nyhecwuj's General Store.
  2840 | D:4      | Killed Pikel
  2841 | D:4      | Reached skill level 5 in Stealth
  2841 | D:4      | Reached XP level 5. HP: 41/41 MP: 0/9
  2841 | D:4      | Reached XP level 6. HP: 47/47 MP: 0/10
  2841 | D:4      | Reached XP level 7. HP: 52/52 MP: 0/11
  3110 | D:4      | Found a staircase to the Ecumenical Temple.
  3119 | Temple   | Found a transporter.
  3119 | Temple   | Found a transporter.
  3119 | Temple   | Found a transporter.
  3119 | Temple   | Found a transporter.
  3119 | Temple   | Entered the Ecumenical Temple
  3138 | Temple   | Became a worshipper of Sif Muna the Loreminder
  3190 | D:5      | Entered Level 5 of the Dungeon
  3217 | D:5      | Found a sacrificial altar of Ru.
  3290 | D:5      | Reached skill level 6 in Alchemy
  3663 | D:5      | Reached skill level 7 in Alchemy
  3668 | D:5      | Learned a level 4 spell: Sticky Flame
  3731 | D:5      | Reached skill level 1 in Fire Magic
  4127 | D:5      | Noticed Prince Ribbit
  4144 | D:5      | Killed Prince Ribbit
  4145 | D:5      | Reached XP level 8. HP: 42/58 MP: 0/12
  4530 | D:6      | Reached * piety under Sif Muna
  4863 | D:6      | Found a runed translucent door.
  4864 | D:6      | Found a shimmering altar of Xom.
  4864 | D:6      | Noticed CapUranus's ghost (novice GrFi)
  4896 | D:6      | Identified the ring "Xoghap" {Will+ Str+6 Int+2 Stlth+}
  4934 | D:6      | Found a bloodstained altar of Trog.
  4993 | D:6      | Noticed a +3 dagger of chaos
  5692 | D:7      | Found a stormy altar of Qazlal.
  5749 | D:7      | Noticed a cyclops
  5768 | D:7      | Reached skill level 8 in Alchemy
  5927 | D:7      | Killed a cyclops
  5928 | D:7      | Reached skill level 9 in Alchemy
  5928 | D:7      | Reached XP level 9. HP: 17/65 MP: 0/13
  6248 | D:7      | Reached skill level 10 in Alchemy
  6593 | D:7      | Reached skill level 5 in Fighting
  7288 | D:8      | Noticed a komodo dragon
  7330 | D:8      | Killed a komodo dragon
  7435 | D:8      | Reached ** piety under Sif Muna
  7491 | D:8      | Reached skill level 1 in Conjurations
  7757 | D:8      | HP: 3/72 [poisoned by a water moccasin]
  7906 | D:8      | Found a staircase to the Lair.
  7928 | D:8      | Reached skill level 5 in Spellcasting
  7928 | D:8      | Reached XP level 10. HP: 79/79 MP: 3/17
  8054 | D:8      | Reached skill level 5 in Dodging
  8589 | D:9      | Noticed a two-headed ogre
  8591 | D:9      | Reached skill level 1 in Long Blades
  8742 | D:9      | Killed a two-headed ogre
  8815 | D:9      | Noticed a two-headed ogre
  8926 | D:9      | Reached *** piety under Sif Muna
  9339 | D:9      | Found a staircase to the Orcish Mines.
  9764 | D:9      | Killed a two-headed ogre
  9765 | D:9      | Reached skill level 5 in Long Blades
  9812 | D:9      | Noticed a two-headed ogre
  9816 | D:9      | Killed a two-headed ogre
  9817 | D:9      | Reached XP level 11. HP: 84/84 MP: 3/20
 10287 | Lair:1   | Entered Level 1 of the Lair of Beasts
 10320 | Lair:1   | Found the +8 orange crystal plate armour {Archmagi, Int+3
                  | Clar}
 10794 | Lair:2   | Reached **** piety under Sif Muna
 11102 | Lair:2   | Reached skill level 11 in Alchemy
 11563 | Lair:2   | Reached skill level 12 in Alchemy
 11662 | Lair:2   | Reached skill level 13 in Alchemy
 11763 | Lair:2   | Found a staircase to the Snake Pit.
 11860 | Lair:2   | Reached ***** piety under Sif Muna
 11866 | Lair:2   | Reached XP level 12. HP: 81/91 MP: 19/24
 11904 | Lair:2   | Found an iron altar of Okawaru.
 12372 | Lair:3   | Found a dark tunnel.
 12470 | Volcano  | Entered a volcano
 12524 | Volcano  | Noticed a centaur warrior
 12526 | Volcano  | Killed a centaur warrior
 12527 | Volcano  | Reached skill level 14 in Alchemy
 12696 | Volcano  | Found a burning altar of Makhleb.
 12921 | Lair:3   | Found a staircase to the Swamp.
 13049 | Lair:3   | Received a gift from Sif Muna
 13050 | Lair:3   | Reached skill level 1 in Evocations
 13481 | Lair:3   | Noticed a catoblepas
 13649 | Lair:3   | Killed a catoblepas
 14050 | Lair:3   | Reached skill level 5 in Air Magic
 14174 | Lair:3   | Identified 2 scrolls of acquirement
 15118 | Lair:4   | Reached XP level 13. HP: 92/101 MP: 25/25
 15206 | Lair:4   | Found a runed translucent gate.
 15206 | Lair:4   | Found a runed translucent gate.
 15207 | Lair:4   | Found a runed translucent gate.
 15390 | Lair:4   | Identified the ring of Ampes {Fly rF++ Str+6 Slay+3}
 15430 | Lair:4   | Reached skill level 1 in Invocations
 15963 | Lair:4   | Noticed Wairalebb's ghost (journeyman BaFi)
 15964 | Lair:4   | Noticed Ceyroiss's ghost (journeyman HuWn)
 15964 | Lair:4   | Noticed Ceyroiss's ghost (journeyman HuWn)
 16196 | Lair:5   | Entered Level 5 of the Lair of Beasts
 16463 | Lair:4   | Learned a level 3 spell: Swiftness
 16714 | Lair:5   | Reached skill level 5 in Invocations
 17171 | Lair:5   | Received a gift from Sif Muna
 17174 | Lair:5   | Got Sedaob's Handbook of Amassed Jinxing {god gift}
 17180 | Lair:5   | Learned a level 4 spell: Airstrike
 18906 | Lair:5   | Found a staircase to the Slime Pits.
 18908 | Lair:5   | Found a viscous altar of Jiyva.
 18994 | Lair:5   | HP: 3/80 [yak (11)]
 19619 | Lair:5   | Reached skill level 10 in Air Magic
 20584 | Lair:5   | Reached XP level 14. HP: 86/86 MP: 6/26
 20603 | Lair:5   | HP: 4/86 [death yak (22)]
 20604 | Lair:5   | Mangled by a death yak

Illustrated notes

Levels and vault maps discovered:
D:1:      eino_arrival_water_star, layout_loops_ring
D:2:      layout_basic, shapermc_ecumenical_altar_petra, uniq_jessica
D:3:      layout_loops_ring, lemuel_tele_altar
D:4:      layout_cave_pools, minmay_temple_entry_poolview, serial_shops, shop,
          uniq_sigmund, uniq_pikel
D:5:      layout_cave_pods, overflow_temple_1_default, uniq_prince_ribbit1
D:6:      layout_layer_cave, lightli_temple_of_fire, ebering_ghost_xom
D:7:      layout_loops_cross, nicolae_qazlal_beasts_of_the_sky
D:8:      layout_basic, due_lair_maze_entry_diamond, serial_bayou_pond_c
D:9:      layout_loops_ring, hiddenorc1_lemuel, serial_aquarium,
          aquarium_bridge_straight [aquarium_subvault_bridge,
          aquarium_subvault_wall, aquarium_subvault_bridge,
          aquarium_subvault_wall], aquarium_window_corner, aquarium_window_1,
          aquarium_view_2e, aquarium_view_2e
Temple:   hellmonk_temple_divided_pantheon
Lair:1:   layout_gridlike, grunt_megastairs_1, serial_bayou_shore_a,
          uniq_nergalle
Lair:2:   lemuel_ratsnest, layout_regular_city,
          nicolae_snake_entry_warm_welcome, basic_altar, grunt_megastairs_5
Lair:3:   nzn_winding_woodlands_cross [nzn_winding_woodlands_5x15_default,
          nzn_winding_woodlands_5x15_pockets,
          nzn_winding_woodlands_5x15_split_checker,
          nzn_winding_woodlands_5x15_pool,
          nzn_winding_woodlands_15x15_thick_spiral], layout_cave_pods,
          mainiacjoe_swamp_entry_lozenge_pond, nicolae_volcano_entry_lava_flow
Lair:4:   layout_hall_layers, gammafunk_ghost_cemetery, gammafunk_lair_bear_cave
Lair:5:   guppyfry_lair_end_dragon, layout_hall_layers,
          nicolae_slime_entry_slimehenge

Skill      XL: |  1  2  3  4  5  6  7  8  9 10 11 12 13 |
---------------+----------------------------------------+-----
Spellcasting   | 3 5 6 8 |  8.0
Alchemy        | 4 5 7 9 10 13 14 | 14.0
Air Magic      | 2 7 10 | 10.6
Fighting       | 3 4 7 9 |  9.0
Dodging        | 4 8 |  8.0
Stealth        | 5 |  5.0
Fire Magic     | 3 4 |  4.0
Conjurations   | 1 |  1.0
Long Blades    | 5 7 |  7.0
Evocations     | 3 |  3.0
Invocations    | 6 |  6.0

Action                     |  1- 3 |  4- 6 |  7- 9 | 10-12 | 13-15 || total
---------------------------+-------+-------+-------+-------+-------++-------
  Melee: Unarmed           |    50 |    28 |     4 |       |       ||    82
         Bite              |     5 |       |    19 |    57 |    35 ||   116
         Staff             |       |       |   103 |       |       ||   103
         Punch             |       |       |     2 |    10 |     1 ||    13
         Short sword       |       |       |    55 |    18 |       ||    73
         Long sword        |       |       |       |   428 |   181 ||   609
         Dagger            |       |       |       |       |     2 ||     2
   Cast: Sting             |    36 |    49 |   127 |   121 |    51 ||   384
         Mercury Vapours   |       |     1 |    15 |    59 |    17 ||    92
         Mephitic Cloud    |       |     1 |     8 |    19 |    11 ||    39
         Sticky Flame      |       |       |    22 |    70 |    54 ||   146
         Airstrike         |       |       |       |       |    70 ||    70
         Swiftness         |       |       |       |       |     5 ||     5
Ability: Exsanguinate      |       |       |       |       |     2 ||     2
         Revivify          |       |       |       |       |     1 ||     1
  Evoke: Wand              |       |       |       |     2 |     4 ||     6
         Sack of spiders   |       |       |       |     1 |     1 ||     2
    Use: Scroll            |       |       |       |    13 |     3 ||    16
         Potion            |       |       |       |     1 |     2 ||     3
   Stab: Sleeping          |     1 |       |     1 |     4 |       ||     6
         Confused          |       |       |     7 |     6 |     4 ||    17
         Distracted        |       |       |       |     5 |     1 ||     6
 Armour: Robe              |    32 |    28 |   158 |   254 |       ||   472
         Leather armour    |       |       |       |   154 |   270 ||   424
  Dodge: Dodged            |    44 |    28 |   192 |   499 |   240 ||  1003
